 Dungeon Crawl Stone Soup version 0.19.1-1-g22dce08 (webtiles) character file.

168 loralnil the Firebug (level 5, -4/38 HPs)
             Began as a Draconian Fire Elementalist on Jan 15, 2017.
             Slain by Exporg's ghost (11 damage)
             ... on level 3 of the Dungeon.
             The game lasted 00:06:53 (1972 turns).

loralnil the Firebug (Draconian Fire Elementalist)  Turns: 1972, Time: 00:06:54

Health: -4/38      AC:  5    Str: 11    XL:     5   Next: 23%
Magic:  0/9        EV: 12    Int: 16    God:
Gold:   113        SH:  0    Dex: 11    Spells: 3 memorised, 4 levels left

rFire  . . .     SeeInvis .     c - +0 short sword
rCold  . . .     Gourm    .     (armour unavailable)
rNeg   . . .     Faith    .     (no shield)
rPois  .         Spirit   .     (helmet restricted)
rElec  .         Reflect  .     (no cloak)
rCorr  .         Harm     .     (no gloves)
MR     .....                    (no boots)
Stlth  ++........               g - amulet of magic regeneration
                                (no ring)
                                (no ring)

@: very slightly contaminated
A: unfitting armour, cold-blooded, AC +5
a: no special abilities


You were on level 3 of the Dungeon.
You were not hungry.

You visited 1 branch of the dungeon, and saw 4 of its levels.

You collected 113 gold pieces.

Inventory:

Hand Weapons
 c - a +0 short sword (weapon)
Jewellery
 g - an amulet of magic regeneration (around neck)
Scrolls
 e - a scroll of fog {unknown}
 f - 6 scrolls of identify {unknown}
 h - a scroll of recharging {unknown}
 l - a scroll of amnesia {unknown}
Potions
 d - a potion of agility {unknown}
 i - a potion of degeneration {unknown}
 k - a potion of magic {unknown}
Books
 a - a book of Flames

   Spells                             Type                      Level
   a - Flame Tongue                   Conjuration/Fire             1
   b - Throw Flame                    Conjuration/Fire             2
   c - Conjure Flame                  Conjuration/Fire             3
   d - Inner Flame                    Hexes/Fire                   3
   e - Sticky Flame                   Conjuration/Fire             4
   f - Fireball                       Conjuration/Fire             5
Comestibles
 b - a bread ration


   Skills:
 + Level 0.2 Fighting
 + Level 2.1 Dodging
 + Level 2.2 Stealth
 + Level 0.2 Unarmed Combat
 + Level 3.0 Spellcasting
 + Level 2.3 Conjurations
 + Level 4.3 Fire Magic


You had 4 spell levels left.
You knew the following spells:

 Your Spells              Type           Power        Failure   Level  Hunger
a - Flame Tongue          Conj/Fire      ##...        6%          1    #......
b - Throw Flame           Conj/Fire      ##....       10%         2    ##.....
c - Conjure Flame         Conj/Fire      ##......     14%         3    ###....


Dungeon Overview and Level Annotations

Branches:
Dungeon (4/15)
 Temple: D:4-7

Altars:

Annotations:
D:3 Exporg's ghost, amateur MiFi


Innate Abilities, Weirdness & Mutations

Your plain brown scales are hard. (AC +5)
You cannot fit into any form of body armour.
You are cold-blooded and may be slowed by cold attacks.


Message History

Aiming: Flame Tongue
Press: ? - help, Shift-Dir - straight line, f/p - Exporg's ghost
Aim: Exporg's ghost (almost destroyed)
The flame tongue hits Exporg's ghost.
Exporg's ghost is almost destroyed.
Casting: Flame Tongue
Confirm with . or Enter, or press ? or * to list all spells.
Aiming: Flame Tongue
Press: ? - help, Shift-Dir - straight line, f/p - Exporg's ghost
Aim: Exporg's ghost (almost destroyed)
The flame tongue misses Exporg's ghost.
Casting: Flame Tongue
Confirm with . or Enter, or press ? or * to list all spells.
Aiming: Flame Tongue
Press: ? - help, Shift-Dir - straight line, f/p - Exporg's ghost
Aim: Exporg's ghost (almost destroyed)
The flame tongue hits Exporg's ghost.
Exporg's ghost appears unharmed.
Exporg's ghost is almost destroyed.
Exporg's ghost hits you!
You die...

.# #..# #.# .# #..#
#)# .# #..# ##.##
.#####..# #...#
........# #)#.#
######.######>#.####
#.# #.(W.#....# #.#
#.#######<# #.#
#....#.@..# #.#
#.##W#W#### #.#
#.##.#.# .# #.##...#
#.###### #.# ... #.#
#..


You could see Exporg's ghost.

Vanquished Creatures
  An orc priest (D:3)
  An orc wizard (D:4)
  4 gnolls (D:3)
  2 adders
  An ooze (D:2)
  A worm (D:3)
  A dart slug (D:2)
  A leopard gecko (D:2)
  3 orcs (D:3)
  5 bats
  2 giant cockroaches (D:1)
  6 goblins
  4 hobgoblins
  2 quokkas (D:2)
  2 frilled lizards
  8 kobolds
  5 rats
49 creatures vanquished.

Notes
Turn   | Place    | Note
-------+----------+-------------------------------------------
     0 | D:1      | loralnil the Draconian Fire Elementalist began the quest for the Orb.
     0 | D:1      | Reached XP level 1. HP: 14/14 MP: 3/3
   199 | D:1      | Reached XP level 2. HP: 20/20 MP: 1/5
   257 | D:1      | Learned a level 2 spell: Throw Flame
   844 | D:2      | Reached XP level 3. HP: 26/26 MP: 2/6
   849 | D:2      | Learned a level 3 spell: Conjure Flame
  1506 | D:3      | Reached XP level 4. HP: 31/33 MP: 2/7
  1518 | D:4      | Reached skill level 4 in Fire Magic
  1719 | D:3      | Reached XP level 5. HP: 32/38 MP: 4/9
  1828 | D:3      | Noticed Exporg's ghost (amateur MiFi)
  1972 | D:3      | Slain by Exporg's ghost

Skill      XL: |  1  2  3  4  5 |
---------------+----------------+-----
Stealth        | 2 |  2.2
Dodging        | 2 |  2.1
Conjurations   | 2 |  2.3
Fire Magic     | 4 |  4.3
Spellcasting   | 3 |  3.0
Fighting       | |  0.2
Unarmed Combat | |  0.2

Action                   |  1- 3 |  4- 6 || total
-------------------------+-------+-------++-------
Melee: Unarmed           |     4 |       ||     4
       Short sword       |     7 |    13 ||    20
       Tailslap          |     1 |     1 ||     2
 Cast: Flame Tongue      |    59 |    52 ||   111
       Conjure Flame     |       |     5 ||     5
       Throw Flame       |       |     1 ||     1
 Stab: Sleeping          |     1 |       ||     1
  Eat: Bread ration      |     1 |       ||     1
       Chunk             |     1 |       ||     1
Armor: Skin              |     9 |     7 ||    16
Dodge: Dodged            |    24 |    22 ||    46
